 Dungeon Crawl Stone Soup version 0.32-a0-665-g3d30ec2550 (webtiles) character file.

Game seed: 17909963277215799180

67 nuthulu the Trooper (level 3, -4/35 HPs)
             Began as a Minotaur Fighter on Mar 9, 2024.
             Was an Initiate of Okawaru.
             Slain by Stormracerdan's ghost (8 damage)
             ... on level 3 of the Dungeon.
             The game lasted 00:02:45 (2403 turns).

nuthulu the Trooper (Minotaur Fighter)              Turns: 2403, Time: 00:02:46

Health: -4/35      AC:  9    Str: 22    XL:     3   Next: 98%
Magic:  2/2        EV:  9    Int:  5    God:    Okawaru [......]
Gold:   129        SH:  4    Dex:  9    Spells: 2/2 levels left

rFire   . . .        a - +0 war axe
rCold   . . .        c - +0 buckler
rNeg    . . .        b - +0 scale mail
rPois   .            (helmet restricted)
rElec   .            (no cloak)
rCorr   .            n - +0 pair of gloves
SInv    .            h - +0 pair of boots
Will    .....        (no amulet) Stlth
                     (no ring)
HPRegen 0.25/turn    (no ring)
MPRegen 0.08/turn

%: no passive effects
@: mighty
A: horns 2, retaliatory headbutt
a: Renounce Religion


You were on level 3 of the Dungeon.
You worshipped Okawaru.
Okawaru was noncommittal.
You visited 1 branch of the dungeon, and saw 3 of its levels.

You collected 129 gold pieces.

Inventory:

Hand Weapons
 a - a +0 war axe (weapon)
Missiles
 i - 2 throwing nets (quivered)
Armour
 b - a +0 scale mail (worn)
 c - a +0 buckler (worn)
 h - a +0 pair of boots (worn)
 n - a +0 pair of gloves (worn)
Potions
 e - 5 potions of curing
 f - 2 potions of lignification
 g - a potion of enlightenment {unknown}
 j - a potion of heal wounds {unknown}
 k - a potion of attraction {unknown}
 l - 2 potions of cancellation {unknown}
 m - a potion of brilliance {unknown}


   Skills:
 + Level 4.9 Fighting
 + Level 4.0 Axes
 - Level 3.6 Armour
 - Level 3.6 Shields


You had 2 spell levels left.
You didn't know any spells.
Your spell library contained the following spells:

 Spells                   Type           Power      Damage    Failure   Level
 Passage of Golubria      Tloc           0%         N/A       100%        4
 Silence                  Hex/Air        0%         N/A       100%        5
 Lehudib's Crystal Spear  Conj/Erth      0%         10d2      100%        8


Dungeon Overview and Level Annotations

Branches:
Dungeon (3/15)

Altars:
Okawaru

Annotations:
D:3 Stormracerdan's ghost, amateur MiFi


Innate Abilities, Weirdness & Mutations

You have a pair of horns on your head.
You reflexively headbutt those who attack you in melee.


Message History

A profound silence engulfs you.
It was a scroll of silence.
Unknown command.
You start waiting.
Your hearing returns.
Stormracerdan's ghost turns its malevolent gaze towards you.
There is an open door here.
You now have 120 gold pieces (gained 10).
You open the door.
Found a stone staircase leading down.
Found a stone staircase leading down.
There is an open door here.
There is a stone staircase leading down here.
You now have 129 gold pieces (gained 9).
There is a stone staircase leading up here.
Could not explore, unopened runed door.
You open the door.
You feel very mighty all of a sudden. Stormracerdan's ghost stares at you.
Stormracerdan's ghost hits you!
You hit Stormracerdan's ghost but do no damage.
Stormracerdan's ghost hits you but does no damage.
You slash Stormracerdan's ghost!
Your headbutt misses Stormracerdan's ghost.
Stormracerdan's ghost is moderately damaged.
Stormracerdan's ghost hits you!
You slash Stormracerdan's ghost!
Stormracerdan's ghost is severely damaged.
Stormracerdan's ghost barely misses you.
Stormracerdan's ghost hits you!
* * * LOW HITPOINT WARNING * * *
You slash Stormracerdan's ghost!
You headbutt Stormracerdan's ghost, but do no damage.
Stormracerdan's ghost is almost destroyed.
Stormracerdan's ghost hits you.
* * * LOW HITPOINT WARNING * * *
Unknown command.
You completely miss Stormracerdan's ghost.
Stormracerdan's ghost is almost destroyed.
Stormracerdan's ghost hits you!
You die...

#.#.......................#.#...
#.#.................###.#.......
##.#....#########....#...+.......
...#....#########...######...#.##
##.#............................#
####........#####.....######....#
...'........#..............#)....
####...................###.#...).
...'............@..........#...#.
####..........#W#..........#...#.
# #....#.....##.##.........#.....
###.........##...##........#.###.
..'........##.....##.......#.....
###........#⌠.!♣?.⌠#..........##.
#....#+..##.....##...#....).###
#.........##...##..............
#..........##W##......#........


You could see Stormracerdan's ghost.

Vanquished Creatures
  An adder (D:2)
  3 ribbon worms
  A dart slug (D:3)
  8 endoplasms
  9 goblins
  2 hobgoblins
  3 kobolds
  2 quokkas (D:2)
  6 ball pythons
  2 bats
  6 frilled lizards
  6 rats
49 creatures vanquished.

Notes
Turn   | Place    | Note
-------+----------+-------------------------------------------
     0 | D:1      | nuthulu the Minotaur Fighter began the quest for the Orb.
     0 | D:1      | Reached XP level 1. HP: 19/19 MP: 0/0
   230 | D:1      | Reached XP level 2. HP: 27/27 MP: 1/1
   609 | D:2      | Reached XP level 3. HP: 34/34 MP: 2/2
  1621 | D:3      | Found a runed translucent door.
  1621 | D:3      | Noticed Stormracerdan's ghost (amateur MiFi)
  1799 | D:3      | Found an iron altar of Okawaru.
  1823 | D:3      | Became a worshipper of Warmaster Okawaru
  2403 | D:3      | Slain by Stormracerdan's ghost

Illustrated notes

Levels and vault maps discovered:
D:1:      scummos_arrival_hexagon, layout_rooms, serial_bayou_pond_c,
          minmay_misc_feat_secret_circle
D:2:      layout_basic
D:3:      layout_basic, marbit_many_paths, hellmonk_ghost_happy_afterlife

Skill      XL: |  1  2  3 |
---------------+----------+-----
Fighting       | 4 |  4.9
Axes           | 3 4 |  4.0
Armour         | |  3.6
Shields        | |  3.6

Action                     || total
---------------------------++-------
  Melee: War axe           ||   120
         Headbutt          ||    16
    Use: Scroll            ||     5
         Potion            ||     1
 Armour: Scale mail        ||    96
  Dodge: Dodged            ||    50
  Block: Buckler           ||    26

Table legend: (Time is in decaauts)
 A = Elapsed time spent in this place.
 B = Non-inter-level travel time spent in this place.
 C = Inter-level travel time spent in this place.
 D = Time resting spent in this place.
 E = Time spent auto-exploring this place.
 F = Levels seen in this place.
 G = Mean time per level.
                   A        B        C        D        E       F      G
               +--------+--------+--------+--------+--------+-----+--------+
         Total |   2451 |   2415 |     36 |    471 |   1464 |   3 |  817.0 |
       Dungeon |   2451 |   2415 |     36 |    471 |   1464 |   3 |  817.0 |
               +--------+--------+--------+--------+--------+-----+--------+

Top non-repeatable levels by time:
     D:2: 1124 daAuts
     D:3: 836 daAuts
     D:1: 491 daAuts
